 Dungeon Crawl Stone Soup version 0.23-a0-309-ge7838e6 (webtiles) character file.

4051 galech the Cleaver (level 10, -3/76 HPs)
             Began as a Demonspawn Fighter on Oct 11, 2018.
             Was a High Priest of Okawaru.
             Splashed by Maurice's acid (12 damage)
             ... on level 8 of the Dungeon.
             The game lasted 00:12:12 (8153 turns).

galech the Cleaver (Demonspawn Fighter)             Turns: 8153, Time: 00:12:13

Health: -3/76      AC: 14    Str: 17    XL:     10   Next: 4%
Magic:  10/10      EV: -1    Int: 13    God:    Okawaru [*****.]
Gold:   321        SH: 21    Dex: 15    Spells: 9/9 levels left

rFire    + . .     SeeInvis .   s - +0 broad axe
rCold    + + .     Gourm    .   c - +2 large shield
rNeg     . . .     Faith    .   e - +1 gold dragon scales
rPois    +         Spirit   .   u - +2 helmet
rElec    .         Reflect  +   (no cloak)
rCorr    .         Harm     .   p - +0 pair of gloves (curse)
MR       .....                  (no boots)
Stlth    ..........             i - +3 amulet of reflection
HPRegen  0.22/turn              g - ring of poison resistance
MPRegen  0.12/turn              m - +3 ring of intelligence

@: corroded
A: hooves 1, slimy green scales 1, cold resistance 1, demonic guardian 1
a: Heroism, Finesse, Renounce Religion


You were on level 8 of the Dungeon.
You worshipped Okawaru.
Okawaru was extremely pleased with you.
You were not hungry.

You visited 1 branch of the dungeon, and saw 8 of its levels.
You also visited: Sewer.

You collected 321 gold pieces.

Inventory:

Hand Weapons
 s - a +0 broad axe (weapon)
Armour
 c - a +2 large shield (worn)
 e - +1 gold dragon scales (worn)
 p - a cursed +0 pair of gloves (worn)
 u - a +2 helmet (worn)
Jewellery
 g - a ring of poison resistance (left hand)
 i - a +3 amulet of reflection (around neck)
 m - a +3 ring of intelligence (right hand)
 B - an uncursed amulet of regeneration
Wands
 t - a wand of iceblast (15)
Scrolls
 b - 3 scrolls of amnesia
 h - 5 scrolls of teleportation
 o - 2 scrolls of remove curse
 w - a scroll of enchant weapon
 x - 2 scrolls of immolation {unknown}
 y - 2 scrolls of blinking {unknown}
 z - 4 scrolls of identify
 A - a scroll of holy word {unknown}
Potions
 d - a potion of might
 j - a potion of ambrosia {unknown}
 k - 3 potions of heal wounds {unknown}
 l - a potion of flight {unknown}
 n - a potion of berserk rage {unknown}
 q - 3 potions of curing {unknown}
 r - 2 potions of haste {unknown}
 v - a potion of mutation {unknown}
 C - a potion of agility {unknown}
Comestibles
 f - 13 rations


   Skills:
 + Level 6.0 Fighting
 + Level 8.6 Axes
 + Level 5.8 Armour
 + Level 0.9 Dodging
 + Level 1.5 Stealth
 + Level 7.8 Shields


You had 9 spell levels left.
You didn't know any spells.
Your spell library was empty.

Dungeon Overview and Level Annotations

Branches:
Dungeon (8/15)             Temple (0/1) D:7
   Lair: D:8-11

Altars:
Dithmenos
Makhleb
Nemelex Xobeh
Okawaru
Sif Muna
Zin

Annotations:
D:8 Maurice


Innate Abilities, Weirdness & Mutations

You have large cloven feet.
You are partially covered in slimy green scales. (AC +2)
Your flesh is cold resistant. (rC+)
A weak demonic guardian rushes to your aid.


Message History

The acid corrodes your iron imp!
Your iron imp disappears in a puff of smoke!
Maurice gestures wildly while chanting.
Maurice blinks!
Maurice casts a spell.
Maurice flickers and vanishes!
You hear a zap.
A bolt of acid appears from out of thin air!
The bolt of acid hits you! The acid corrodes you!
You are splashed with acid!
The acid burns!
* * * LOW HITPOINT WARNING * * *
Your ufetubus misses something.
Your ufetubus closely misses something.
Your ufetubus hits something.
Your ufetubus barely misses something.
There is an open door here.
You hear a zap.
A bolt of acid appears from out of thin air!
The bolt of acid hits you!
* * * LOW HITPOINT WARNING * * *
The acid corrodes you!
You are splashed with acid!
The acid burns!
You die...

.......<.)#.###......##..##.##..#
###.##.##)..##.....####..##.....#
# #.##.########...## #.........#
# #....# ##.## #.###.....#
#####..### #5# #.# #.....#
.........# #.# #.####...##
##.##.##.# ##'## #........#
#.##.##.# ##...## #######.##
#.##.##.# ##..@..## ####.#
#.##..#.# ##.......## ##.##.#
#.......###.........####...#.###
###.......'.........'...........
##...####.........####...#.###
##.## ##.......## ##.##.# #.#
##.....## ####.# #.# ##)..## #.#
#.# #####'#### #.#


You could see a friendly ufetubus.

Vanquished Creatures
  Harold (D:7)
  A two-headed ogre (D:8)
  A hungry ghost (D:7)
  An ice beast (D:8)
  An ogre (D:7)
  3 bullfrogs
  A wyvern zombie (D:8)
  3 scorpions
  A water moccasin skeleton (D:8)
  4 killer bees (D:8)
  3 wights (D:7)
  A howler monkey (D:4)
  A jelly (D:7)
  A crimson imp (D:6)
  2 orc priests
  A centaur zombie (D:8)
  6 hounds
  3 orc wizards (D:4)
  A bullfrog skeleton (D:5)
  7 iguanas
  5 worker ants
  A hound zombie (D:5)
  Robin (D:4)
  10 adders
  An ooze (D:1)
  A worm (D:2)
  3 dart slugs
  5 leopard geckos
  13 orcs
  4 ball pythons
  6 giant cockroaches
  13 goblins
  7 hobgoblins
  10 jackals
  12 kobolds
  3 quokkas
  4 bats
  7 frilled lizards
  A quokka skeleton (D:4)
  13 rats
163 creatures vanquished.

Vanquished Creatures (collateral kills)
  A two-headed ogre (D:6)
  A hippogriff (D:8)
  Purgy (D:3)
  A crocodile (Sewer)
  A bullfrog (D:5)
  A wight (D:7)
  A crimson imp (D:3)
  An adder (D:5)
  4 orcs
12 creatures vanquished.

Grand Total: 175 creatures vanquished

Notes
Turn   | Place    | Note
-------+----------+-------------------------------------------
     0 | D:1      | galech the Demonspawn Fighter began the quest for the Orb.
     0 | D:1      | Reached XP level 1. HP: 18/18 MP: 1/1
    50 | D:1      | Gained mutation: A weak demonic guardian rushes to your
                  | aid. [demonic ancestry]
    50 | D:1      | Reached XP level 2. HP: 23/24 MP: 2/2
   330 | D:1      | Reached XP level 3. HP: 28/29 MP: 3/3
   536 | D:1      | Reached skill level 2 in Axes
  1286 | D:2      | Found a burning altar of Makhleb.
  1286 | D:2      | Noticed a cacodemon
  1289 | D:2      | Noticed a smoke demon
  1289 | D:2      | Noticed a hellwing
  1500 | D:2      | Found a glowing silver altar of Zin.
  2033 | D:3      | Gained mutation: You have large cloven feet. [demonic
                  | ancestry]
  2033 | D:3      | Reached XP level 4. HP: 35/35 MP: 4/4
  2234 | D:3      | Noticed Purgy
  2253 | D:3      | Killed Purgy
  2253 | D:3      | Gained mutation: Your flesh is cold resistant. (rC+)
                  | [demonic ancestry]
  2253 | D:3      | Reached XP level 5. HP: 14/42 MP: 5/5
  2863 | D:4      | Reached skill level 3 in Axes
  3117 | D:4      | Reached XP level 6. HP: 37/48 MP: 6/6
  3574 | D:4      | Reached skill level 4 in Axes
  3595 | D:4      | Noticed Robin
  3619 | D:4      | Killed Robin
  4452 | D:5      | Entered Level 5 of the Dungeon
  4496 | D:5      | Reached XP level 7. HP: 42/54 MP: 7/7
  4609 | D:5      | Found a glowing drain.
  4714 | Sewer    | Entered a sewer
  5002 | D:5      | Found a deep blue altar of Sif Muna.
  5107 | D:5      | Found a burning altar of Makhleb.
  5145 | D:5      | Found an iron altar of Okawaru.
  5154 | D:5      | Became a worshipper of Warmaster Okawaru
  5250 | D:6      | Reached skill level 5 in Axes
  5276 | D:6      | Reached skill level 5 in Shields
  5497 | D:6      | Reached XP level 8. HP: 55/61 MP: 8/8
  5620 | D:6      | Noticed a two-headed ogre
  5628 | D:6      | Killed a two-headed ogre
  5628 | D:6      | Reached * piety under Okawaru
  5628 | D:6      | Reached ** piety under Okawaru
  5628 | D:6      | Reached skill level 6 in Axes
  5628 | D:6      | Reached skill level 5 in Armour
  6161 | D:7      | Reached *** piety under Okawaru
  6163 | D:7      | Reached skill level 5 in Fighting
  6202 | D:7      | Reached XP level 9. HP: 68/68 MP: 9/9
  6348 | D:7      | Reached skill level 7 in Axes
  6447 | D:7      | Noticed Harold
  6463 | D:7      | Killed Harold
  6463 | D:7      | Reached **** piety under Okawaru
  6463 | D:7      | Reached skill level 1 in Stealth
  6516 | D:7      | Found a shadowy altar of Dithmenos.
  6578 | D:7      | Found a staircase to the Ecumenical Temple.
  6985 | D:8      | Reached skill level 8 in Axes
  7433 | D:8      | Found a sparkling altar of Nemelex Xobeh.
  7562 | D:8      | Noticed a two-headed ogre
  7798 | D:8      | Killed a two-headed ogre
  7798 | D:8      | Reached ***** piety under Okawaru
  7798 | D:8      | Gained mutation: You are partially covered in slimy green
                  | scales. (AC +2) [demonic ancestry]
  7798 | D:8      | Reached XP level 10. HP: 34/76 MP: 10/10
  8107 | D:8      | Noticed Maurice
  8153 | D:8      | Splashed by Maurice's acid

Vault maps used:
D:1:      sevenhm_arrival_forest_fort_small_4
D:2:      zin_statuary, grunt_decor_resistance, makhleb_altar_promises_db
D:3:      first_ration, uniq_purgy
D:4:      uniq_robin
D:5:      kennysheep_mini, led_sif_book, lemuel_coloured_pillars_altar,
          gup_sewer_entry_glass
D:7:      nicolae_overflow_hidden_temple, minmay_temple_entry_hall, uniq_harold
D:8:      nemelex_xobeh_ov_fountains_minmay, lair_entry_dummy, uniq_maurice
Sewer:    sewer_the_crocodile

Skill      XL: |  1  2  3  4  5  6  7  8  9 |
---------------+----------------------------+-----
Armour         | 3 4 5 |  5.8
Shields        | 3 4 5 6 7 |  7.8
Axes           | 2 3 4 5 6 8 |  8.6
Fighting       | 4 5 6 |  6.0
Stealth        | 1 |  1.5
Dodging        | |  0.9

Action                   |  1- 3 |  4- 6 |  7- 9 | 10-12 || total
-------------------------+-------+-------+-------+-------++-------
Melee: War axe           |   169 |   195 |       |       ||   364
       Kick              |       |    62 |   103 |     3 ||   168
       Broad axe         |       |    12 |   366 |     9 ||   387
  Use: Scroll            |     4 |     3 |     1 |       ||     8
 Stab: Distracted        |       |       |     4 |       ||     4
       Held in net/web   |       |       |     1 |       ||     1
  Eat: Chunk             |     4 |     7 |    12 |       ||    23
       Ration            |       |       |     1 |       ||     1
Armor: Scale mail        |    47 |       |       |       ||    47
       Gold dragon scale |    32 |   175 |   214 |     2 ||   423
       Chain mail        |     3 |       |       |       ||     3
Dodge: Dodged            |    36 |     4 |    14 |       ||    54
Block: Shield            |   114 |   155 |    49 |       ||   318
       Reflection        |     1 |       |     4 |       ||     5
       Large shield      |       |       |   334 |     7 ||   341

Table legend:
 A = Non-vault XP
 B = Vault XP
 C = Vault XP percentage of total XP
 D = Non-vault monster count
 E = Vault monster count
 F = Vault count percentage of total count
                 A         B        C        D         E       F
            +---------+---------+-------+---------+---------+-------
      Total |    4720 |    1068 |  18.5 |     154 |      21 |  12.0
            +---------+---------+-------+---------+---------+-------
        D:1 |      45 |       0 |   0.0 |      25 |       0 |   0.0
        D:2 |      30 |       0 |   0.0 |      18 |       0 |   0.0
        D:3 |      76 |      93 |  55.0 |      25 |       1 |   3.8
        D:4 |     450 |      27 |   5.7 |      20 |       7 |  25.9
        D:5 |     284 |      52 |  15.5 |      14 |       6 |  30.0
        D:6 |    1346 |       0 |   0.0 |      22 |       0 |   0.0
        D:7 |     716 |     824 |  53.5 |      13 |       1 |   7.1
        D:8 |    1773 |       0 |   0.0 |      17 |       0 |   0.0
      Sewer |       0 |      72 | 100.0 |       0 |       6 | 100.0
            +---------+---------+-------+---------+---------+-------
